 Dungeon Crawl Stone Soup version 0.23.2-40-g277498a001 (webtiles) character file.

Game seed: 15962810124605308729

184 GreyFruit the Gusty (level 5, 0/28 HPs)
             Began as a Tengu Air Elementalist on Sept 14, 2019.
             Killed from afar by Sigmund (7 damage)
             ... with a puff of flame
             ... on level 3 of the Dungeon.
             The game lasted 00:05:31 (2344 turns).

GreyFruit the Gusty (Tengu Air Elementalist)        Turns: 2344, Time: 00:05:32

Health: 0/28       AC:  2    Str:  7 (8)  XL:     5   Next: 63%
Magic:  9/10       EV: 12    Int: 16 (17) God:
Gold:   224        SH:  0    Dex: 11 (14) Spells: 9/10 levels left

rFire    . . .     SeeInvis .   o - -2 flail (curse)
rCold    . . .     Gourm    .   (no shield)
rNeg     . . .     Faith    .   a - +0 robe
rPois    .         Spirit   .   (helmet restricted)
rElec    .         Reflect  .   (no cloak)
rCorr    .         Harm     .   (no gloves)
MR       .....                  (boots unavailable)
Stlth    ++........             (no amulet)
HPRegen  0.09/turn              (no ring)
MPRegen  0.12/turn              (no ring)

@: no status effects
A: beak, talons 3, able to fly
a: Fly


You were on level 3 of the Dungeon.
You were hungry.

You visited 1 branch of the dungeon, and saw 3 of its levels.

You collected 224 gold pieces.

Inventory:

Hand Weapons
 d - a +0 mace
 o - a cursed -2 flail (weapon)
 r - a +0 war axe of freezing
Armour
 a - a +0 robe (worn)
Jewellery
 e - a +2 ring of protection {unknown}
Wands
 p - a wand of random effects (15)
Scrolls
 b - 4 scrolls of amnesia {unknown}
 h - 4 scrolls of noise {unknown}
 i - 2 scrolls of immolation {unknown}
 j - 3 scrolls of remove curse {unknown}
 k - 3 scrolls of teleportation {unknown}
 n - 2 scrolls of identify {unknown}
 q - a scroll of enchant armour {unknown}
 s - a scroll of enchant weapon {unknown}
Potions
 f - a potion of curing
Comestibles
 c - 2 rations
 g - 4 chunks of flesh


   Skills:
 - Level 0.1 Maces & Flails
 + Level 2.7 Dodging
 - Level 2.2 Stealth
 + Level 3.0 Spellcasting
 + Level 3.2 Conjurations
 + Level 6.1 Air Magic


You had 9 spell levels left.
You knew the following spells:

 Your Spells              Type           Power        Failure   Level  Hunger
a - Shock                 Conj/Air       ###.         2%          1    #......

Your spell library contained the following spells:

 Spells                   Type           Power        Failure   Level  Hunger
 Swiftness                Chrm/Air       ##......     9%          2    ##.....
 Static Discharge         Conj/Air       ###.....     9%          3    ###....
 Airstrike                Air            ###.......   16%         4    #####..
 Lightning Bolt           Conj/Air       ###.......   58%         5    ######.


Dungeon Overview and Level Annotations

Branches:
Dungeon (3/15)

Altars:

Annotations:
D:3 Sigmund


Innate Abilities, Weirdness & Mutations

You have a beak for a mouth.
You have claws for feet.
You can fly continuously.


Message History

a +0 leather armour; an orc skeleton Sigmund appears from thin air!
Reactivating autopickup.
Casting: Shock (safe; 2% risk of failure)
Confirm with . or Enter, or press ? or * to list all spells.
Aiming: Shock (safe; 2% risk of failure)
Press: ? - help, Shift-Dir - straight line, f - Sigmund
Aim: Sigmund, wielding a +0 scythe and wearing a +0 robe (severely wounded)
The zap hits Sigmund.
Sigmund is severely wounded.
Some of the chunks of flesh in your inventory have rotted away.
Casting: Shock (safe; 2% risk of failure)
Confirm with . or Enter, or press ? or * to list all spells.
Aiming: Shock (safe; 2% risk of failure)
Press: ? - help, Shift-Dir - straight line, f/p - Sigmund
Aim: Sigmund, wielding a +0 scythe and wearing a +0 robe (severely wounded)
The zap misses Sigmund.
Sigmund casts a spell at you. The puff of flame hits you!
You die...

########
#....>.#
#.####@#
#.####.#########
#.#............#
#.#.##@#########
#.#.##.#
#......#
###.############
#.# #......# #.#
#......#


You could see Sigmund.

Vanquished Creatures
  An ogre (D:2)
  3 adders
  A gnoll (D:1)
  2 oozes
  A worm (D:2)
  2 dart slugs
  2 leopard geckos
  An orc (D:3)
  3 giant cockroaches
  4 hobgoblins
  3 jackals (D:2)
  11 kobolds
  7 bats
  A frilled lizard (D:1)
  5 goblins
  7 rats
54 creatures vanquished.

Notes
Turn   | Place    | Note
-------+----------+-------------------------------------------
     0 | D:1      | GreyFruit the Tengu Air Elementalist began the quest for
                  | the Orb.
     0 | D:1      | Reached XP level 1. HP: 10/10 MP: 4/4
   261 | D:1      | Reached XP level 2. HP: 15/15 MP: 3/6
   533 | D:1      | Reached XP level 3. HP: 19/19 MP: 2/7
  1093 | D:2      | Reached skill level 5 in Air Magic
  1247 | D:2      | Reached XP level 4. HP: 20/24 MP: 1/8
  1615 | D:2      | Noticed an ogre
  1623 | D:2      | Killed an ogre
  1623 | D:2      | Gained mutation: You can fly continuously. [Tengu growth]
  1623 | D:2      | Reached XP level 5. HP: 20/28 MP: 1/10
  2111 | D:3      | Reached skill level 6 in Air Magic
  2279 | D:3      | Noticed Sigmund
  2344 | D:3      | Killed from afar by Sigmund

Skill      XL: |  1  2  3  4  5 |
---------------+----------------+-----
Conjurations   | 2 3 |  3.2
Air Magic      | 5 6 |  6.1
Spellcasting   | 3 |  3.0
Maces & Flails | |  0.1
Dodging        | |  2.7
Stealth        | |  2.2

Action                   |  1- 3 |  4- 6 || total
-------------------------+-------+-------++-------
Melee: Mace              |     1 |     1 ||     2
       Kick              |     1 |       ||     1
 Cast: Shock             |    68 |    69 ||   137
  Use: Potion            |       |     3 ||     3
  Eat: Chunk             |     1 |     4 ||     5
Armor: Robe              |     1 |     2 ||     3
Dodge: Dodged            |    10 |     8 ||    18
